AoeStats
← 风中雨点

Arabia

503126512Analyzed
1v1 RM · 1mo ago on Aug 30, 2026· 43m 0s· 2 players
Game mode
Random Map
Map size
Tiny (2 player)
Population
200
Speed
Normal
Resources
Standard
Victory
Conquest
Starting age
Dark Age
Ending age
Imperial Age
RankedLock teamsTeams togetherTeam positionsShared explorationLock speedFull tech treeHidden civsTurbo modeCheats
Victory
Defeat
🇹🇷 Romans · Türkiye
1453
+15
🇨🇳 Franks · China
1442
-15
风中雨点
6:27 Loom
9:02 Feudal Age
9:56 Double-Bit Axe
11:21 Wheelbarrow
20:01 Castle Age
18:31 Fletching
19:27 Padded Archer Armor
19:41 Gold Mining
20:14 Crossbowman
20:50 Bodkin Arrow
24:27 Bow Saw
24:35 Bow Saw
25:12 Hand Cart
24:43 Town Watch
29:20 Forging
32:50 Scale Mail Armor
33:57 Chain Mail Armor
35:08 Pikeman
35:55 Squires
39:06 Imperial Age
39:15 Imperial Age
40:41 Plate Mail Armor
39:32 Halberdier
39:58 Capped Ram
43:04 Iron Casting
el-qatil
5:55 Loom
9:05 Feudal Age
9:47 Double-Bit Axe
13:56 Horse Collar
18:28 Castle Age
16:35 Man-at-Arms
18:42 Long Swordsman
19:41 Scale Mail Armor
21:49 Squires
23:36 Chain Mail Armor
23:59 Forging
32:12 Imperial Age
31:21 Iron Casting
31:30 Bloodlines
31:20 Husbandry
32:13 Scale Barding Armor
38:12 Fletching
38:50 Bodkin Arrow
39:25 Legionary
39:25 Pikeman
Connection lost

Rejoining the realm…

Still unreachable

The connection could not be restored.

Session expired

The server has moved on; the page needs a fresh start.